AoeStats
← Freedom Phantom

Four Lakes

508711705Analyzed
1v1 RM · 8d ago on Sep 23, 2026· 39m 2s· 2 players
Game mode
Random Map
Map size
Tiny (2 player)
Population
200
Speed
Normal
Resources
Standard
Victory
Conquest
Starting age
Dark Age
Ending age
Imperial Age
RankedLock teamsTeams togetherTeam positionsShared explorationLock speedFull tech treeHidden civsTurbo modeCheats
Victory
Defeat
🇷🇴 Vietnamese · Romania
1013
+14
🇨🇦 Japanese · Canada
970
-14
D乇ムdLuS
5:47 Loom
10:48 Feudal Age
14:44 Double-Bit Axe
14:24 Man-at-Arms
15:51 Fishing Lines
21:03 Castle Age
19:46 Fletching
19:53 Horse Collar
20:07 Gold Mining
21:40 Padded Archer Armor
21:37 Gillnets
21:17 Elite Skirmisher
22:43 Wheelbarrow
23:23 Bodkin Arrow
38:14 Imperial Age
36:56 Yasama
Freedom Phantom
11:26 Feudal Age
10:25 Loom
13:34 Double-Bit Axe
16:25 Wheelbarrow
15:38 Fishing Lines
16:14 Fletching
16:25 Padded Archer Armor
16:14 Horse Collar
22:54 Castle Age
22:59 Crossbowman
23:02 Elite Skirmisher
23:53 Bodkin Arrow
24:26 Bow Saw
24:18 Heavy Plow
24:11 Gillnets
24:37 Thumb Ring
28:15 Leather Archer Armor
33:15 Imperial Age
32:32 Ballistics
32:40 Light Cavalry
33:31 Bloodlines
33:22 Husbandry
34:53 Bracer
35:21 Arbalester
36:51 Forging
37:51 Ring Archer Armor
38:10 Scale Barding Armor
Connection lost

Rejoining the realm…

Still unreachable

The connection could not be restored.

Session expired

The server has moved on; the page needs a fresh start.